 Dungeon Crawl Stone Soup version 0.23.2-33-g5129a83184 (webtiles) character file.

Game seed: 4716241710913338510

2163 HEYYEYAAE the Basher (level 9, -7/80 HPs)
             Began as a Troll Berserker on July 3, 2019.
             Was an Elder of Trog.
             Killed from afar by an electric eel (9 damage)
             ... with a bolt of electricity
             ... on level 6 of the Dungeon.
             The game lasted 00:07:02 (5126 turns).

HEYYEYAAE the Basher (Troll Berserker)              Turns: 5126, Time: 00:07:02

Health: -7/80      AC:  7    Str: 30    XL:     9   Next: 10%
Magic:  8/8        EV: 10    Int:  3    God:    Trog [****..]
Gold:   446        SH:  0    Dex:  9    Spells: 8/8 levels left

rFire    . . .     SeeInvis .   h - +3 quarterstaff (crush)
rCold    . . .     Gourm    +   (shield currently unavailable)
rNeg     . . .     Faith    .   i - +1 robe
rPois    +         Spirit   .   (helmet restricted)
rElec    .         Reflect  .   (no cloak)
rCorr    .         Harm     .   (gloves unavailable)
MR       ++...                  (boots unavailable)
Stlth    +.........             (no amulet)
HPRegen  1.63/turn              g - ring of poison resistance
MPRegen  0.11/turn              (no ring)

@: berserk cooldown, regenerating, slowed, very slow
A: large, unfitting armour, claws 3, fast metabolism 3, gourmand, regeneration
1, shaggy fur 1, tough skin 3
a: Berserk, Trog's Hand, Brothers in Arms, Renounce Religion


You were on level 6 of the Dungeon.
You worshipped Trog.
Trog was greatly pleased with you.
You were very full.

You visited 1 branch of the dungeon, and saw 6 of its levels.
You also visited: Ossuary.

You collected 446 gold pieces.

Inventory:

Hand Weapons
 a - a +0 mace
 h - a +3 quarterstaff of crushing (weapon)
 u - a +0 giant club
 v - a cursed -1 quarterstaff
Armour
 i - a +1 robe (worn)
 s - a +0 cloak
Jewellery
 g - a ring of poison resistance (left claw)
Wands
 q - a wand of random effects (17)
Scrolls
 e - 3 scrolls of remove curse
 f - 2 scrolls of fog
 j - 6 scrolls of teleportation
 l - 5 scrolls of immolation
 t - 2 scrolls of blinking
 x - a scroll of random uselessness {unknown}
 y - a scroll of magic mapping {unknown}
Potions
 b - 2 potions of magic {unknown}
 d - 6 potions of haste
 k - 3 potions of heal wounds
 m - a potion of degeneration {unknown}
 o - a potion of lignification {unknown}
 p - 6 potions of curing {unknown}
 r - a potion of berserk rage {unknown}
 z - a potion of mutation {unknown}
Comestibles
 c - 15 rations


   Skills:
 - Level 2.4 Fighting
 + Level 11.2 Maces & Flails
 - Level 2.4 Dodging


You had 8 spell levels left.
You didn't know any spells.
Your spell library contained the following spells:

 Spells                   Type           Power        Failure   Level  Hunger
 Poisonous Vapours        Pois/Air       #.....       67%         2    ###....
 Swiftness                Chrm/Air       #.......     67%         2    ###....
 Deflect Missiles         Chrm/Air       #.........   100%        6    #######
 Ignition                 Fire           #.........   100%        8    #######


Dungeon Overview and Level Annotations

Branches:
Dungeon (6/15)
 Temple: D:4-7

Altars:
Makhleb
Trog


Innate Abilities, Weirdness & Mutations

You are too large for most types of armour.
You have claws for hands.
Your metabolism is lightning-fast.
You like to eat raw meat.
Your natural rate of healing is unusually fast.
You are covered in fur. (AC +1)
You have extremely tough skin. (AC +3)


Message History

* * * LOW HITPOINT WARNING * * *
The bolt of electricity hits you!
* * * LOW HITPOINT WARNING * * *
The electric eel shoots out a bolt of lightning at you!
The bolt of electricity hits the electric eel.
The electric eel completely resists.
The bolt of electricity hits you!
* * * LOW HITPOINT WARNING * * *
It was a potion of heal wounds.
You feel much better.
The electric eel shoots out a bolt of lightning at you!
The bolt of electricity misses you. The bolt of electricity hits you!
* * * LOW HITPOINT WARNING * * *
The electric eel shoots out a bolt of lightning at you!
The bolt of electricity hits the electric eel.
The electric eel completely resists.
The bolt of electricity hits you!
* * * LOW HITPOINT WARNING * * *
The electric eel shoots out a bolt of lightning at you!
The bolt of electricity hits you!
* * * LOW HITPOINT WARNING * * *
The bolt of electricity hits you!
You die...

#........####
#........#
.........###########
.........##≈≈≈≈≈...##
.##+######≈########≈##
....# #.##≈.$≈..##≈#
....# #.#≈≈(PP...#≈#
....# #.#≈.?P....#.#
....# #.#≈≈;.;@.'#.#
....# ##≈##≈.≈P..#..#
....####≈##########≈##
......#≈##≈..≈..##≈≈#
#####.#≈#≈≈≈.P...#≈##
#.#.#≈.......#)#
#.#.#≈≈.≈≈..'#.#
#.#'##≈.≈...#..#
#....########.##


You could see 2 electric eels.

Vanquished Creatures
  Grinder (D:3)
  An orc warrior (D:6)
  A phantom (D:5)
  2 sky beasts (D:6)
  An ogre (D:4)
  2 ice beasts
  2 centaurs
  An elf zombie (Ossuary)
  A bullfrog (D:6)
  2 scorpions
  A water moccasin skeleton (D:4)
  4 electric eels (D:6)
  3 howler monkeys
  2 human zombies (Ossuary)
  4 orc wizards
  2 iguanas
  A centaur skeleton (D:6)
  Ijyb (D:3)
  Terence (D:3)
  3 worker ants
  A big kobold zombie (Ossuary)
  A hound skeleton (D:4)
  2 mummies (Ossuary)
  A worker ant zombie (D:5)
  3 gnolls (D:5)
  4 adders
  A shadow imp (D:6)
  An ooze (D:1)
  An adder zombie (Ossuary)
  2 adder skeletons
  2 dart slugs
  2 worms (D:4)
  4 leopard geckos
  12 orcs
  3 ball pythons
  5 bats
  2 giant cockroaches (D:2)
  2 goblins
  5 hobgoblins
  8 jackals
  6 quokkas
  2 frilled lizards
  3 goblin zombies
  11 hobgoblin zombies (Ossuary)
  A jackal zombie (Ossuary)
  5 kobolds
  7 kobold zombies (Ossuary)
  A leopard gecko skeleton (D:5)
  A leopard gecko zombie (D:5)
  9 orc zombies (Ossuary)
  A quokka skeleton (D:5)
  2 quokka zombies (D:6)
  2 rats
  2 rat zombies (Ossuary)
151 creatures vanquished.

Vanquished Creatures (others)
  A wizard (D:5)
  2 plants (D:6)
3 creatures vanquished.

Grand Total: 154 creatures vanquished

Notes
Turn   | Place    | Note
-------+----------+-------------------------------------------
     0 | D:1      | HEYYEYAAE the Troll Berserker began the quest for the Orb.
     0 | D:1      | Reached XP level 1. HP: 22/22 MP: 0/0
   141 | D:1      | Reached skill level 3 in Maces & Flails
   369 | D:1      | Reached XP level 2. HP: 24/29 MP: 1/1
  1392 | D:3      | Reached XP level 3. HP: 36/36 MP: 2/2
  1424 | D:3      | Reached skill level 4 in Maces & Flails
  1425 | D:3      | Reached ** piety under Trog
  1464 | D:3      | Noticed Terence
  1483 | D:3      | Killed Terence
  1554 | D:3      | Reached XP level 4. HP: 43/44 MP: 3/3
  1694 | D:3      | Found a burning altar of Makhleb.
  1923 | D:3      | Noticed Ijyb
  1959 | D:3      | Killed Ijyb
  1959 | D:3      | Reached skill level 5 in Maces & Flails
  1988 | D:3      | Noticed Grinder
  1996 | D:3      | Killed Grinder
  1996 | D:3      | Reached skill level 6 in Maces & Flails
  1996 | D:3      | Reached XP level 5. HP: 50/50 MP: 4/4
  1996 | D:3      | Reached XP level 6. HP: 59/59 MP: 5/5
  2432 | D:4      | Reached skill level 7 in Maces & Flails
  2670 | D:4      | Reached XP level 7. HP: 48/66 MP: 6/6
  3078 | D:5      | Entered Level 5 of the Dungeon
  3202 | D:5      | Reached *** piety under Trog
  3399 | D:5      | Reached skill level 8 in Maces & Flails
  3658 | D:5      | Found a bloodstained altar of Trog.
  3659 | D:5      | Noticed a wizard
  3815 | D:5      | Reached skill level 9 in Maces & Flails
  3815 | D:5      | Reached XP level 8. HP: 68/74 MP: 7/7
  3941 | D:5      | Killed a wizard
  4085 | D:6      | Found a sand-covered staircase.
  4092 | Ossuary  | Entered an ossuary
  4239 | Ossuary  | Reached **** piety under Trog
  4422 | D:6      | Reached skill level 10 in Maces & Flails
  4699 | D:6      | Reached skill level 11 in Maces & Flails
  4715 | D:6      | Identified the Disquisition on Igneous Weightlessness
  4767 | D:6      | Reached XP level 9. HP: 80/80 MP: 8/8
  5126 | D:6      | HP: 2/80 [electric eel/bolt of electricity (7)]
  5126 | D:6      | Killed from afar by an electric eel

Skill      XL: |  1  2  3  4  5  6  7  8 |
---------------+-------------------------+-----
Maces & Flails | 3 4 6 7 9 11 | 11.2
Fighting       | |  2.4
Dodging        | |  2.4

Action                   |  1- 3 |  4- 6 |  7- 9 || total
-------------------------+-------+-------+-------++-------
Melee: Mace              |   114 |    23 |       ||   137
       Whip              |       |    46 |       ||    46
       Quarterstaff      |       |    33 |   310 ||   343
Invok: Berserk           |       |     2 |     3 ||     5
       Trog's Hand       |       |       |     1 ||     1
Evoke: Wand              |       |     3 |    10 ||    13
  Use: Scroll            |       |     5 |     6 ||    11
       Potion            |       |       |     1 ||     1
 Stab: Sleeping          |       |       |     1 ||     1
  Eat: Chunk             |    14 |     5 |    34 ||    53
       Ration            |       |     1 |       ||     1
Armor: Animal skin       |    16 |       |       ||    16
       Robe              |    75 |    22 |   118 ||   215
Dodge: Dodged            |    98 |    37 |   159 ||   294
